 Dungeon Crawl Stone Soup version 0.31-a0-702-gf82c85558f (webtiles) character file.

Game seed: 1480040711526461595

54 qw the Shooter (level 3, -3/22 HPs)
             Began as a Gargoyle Hunter on Sept 8, 2023.
             Slain by Sigmund
             ... wielding a +0 scythe
              (8 damage)
             ... on level 2 of the Dungeon.
             The game lasted 00:00:30 (986 turns).

qw the Shooter (Gargoyle Hunter)                     Turns: 986, Time: 00:00:30

Health: -3/22      AC:  8    Str: 14    XL:     3   Next: 91%
Magic:  3/3        EV: 10    Int:  9    God:
Gold:   98         SH:  0    Dex: 15    Spells: 2/2 levels left

rFire   . . .        Y - +0 shortbow
rCold   . . .        (shield currently unavailable)
rNeg    + . .        f - +0 ring mail
rPois   inf          (no helmet)
rElec   +            (no cloak)
rCorr   .            (no gloves)
SInv    .            (no boots)
Will    .....        (no amulet)
Stlth   +            (no ring)
HPRegen 0.23/turn    (no ring)
MPRegen 0.08/turn

%: no passive effects
@: no status effects
A: sickness immunity, AC +3, negative energy resistance 1, electricity
resistance, torment resistance 1, petrification resistance
a: no special abilities


You were on level 2 of the Dungeon.
You visited 1 branch of the dungeon, and saw 2 of its levels.

You collected 98 gold pieces.


Innate Abilities, Weirdness & Mutations

You are immune to sickness and miasma.
Your stone body is resilient. (AC +3)
You are immune to poison.
You resist negative energy. (rN+)
You are resistant to electric shocks. (rElec)
You are resistant to unholy torment.
You are immune to petrification.


   Skills:
 - Level 2.9 Fighting
 - Level 5.0 Ranged Weapons
 + Level 0.8 Armour
 - Level 1.5 Dodging
 - Level 1.1 Stealth


You had 2 spell levels left.
You didn't know any spells.
Your spell library was empty.

Inventory:

Hand Weapons
 Y - a +0 shortbow (weapon)
Armour
 f - a +0 ring mail (worn)
Scrolls
 a - a scroll of identify
Potions
 d - a potion of ambrosia {unknown}
 e - a potion of might {unknown}
 g - a potion of curing {unknown}
 h - a potion of attraction {unknown}
 i - a potion of cancellation {unknown}
 k - a potion of brilliance {unknown}

Dungeon Overview and Level Annotations

Branches:
Dungeon (2/15)

Altars:

Annotations:
D:2 Sigmund


Message History

You climb upwards.
There is a stone staircase leading down here.
You start resting.
HP restored.
Done exploring.
What level of the Dungeon? (default 2, ? - help)
You climb downwards.
Level annotation: Sigmund Sigmund points at you and mumbles some strange words.
You are confused.
There is a stone staircase leading up here.
975 ||| STAIRDANCE In your confused state, you trip and fall back down the stairs.
Sigmund hits you but does no damage.
977 ||| STAIRDANCE Sigmund gestures wildly while chanting.
Sigmund flickers and vanishes!
Deactivating autopickup; reactivate with Ctrl-A.
You climb upwards.
Reactivating autopickup.
There is a stone staircase leading down here.
You feel less confused.
Done exploring.
What level of the Dungeon? (default 2, ? - help)
You climb downwards.
Level annotation: Sigmund
There is a stone staircase leading up here.
There is a strange disturbance nearby!
982 ||| Stepping randomly (disturbance).
Something hits you.
Deactivating autopickup; reactivate with Ctrl-A.
You shoot an arrow. Something hits you!
You shoot an arrow. Something hits you.
You shoot an arrow. Something hits you.
You shoot an arrow. Something hits you!
You die...

#... ##.####.....)
#...###.........#
...............#
...........@#....@.
#.####..###.# ####. #..#
#.# ..# ##..###.# #.# .#
#....##.###.# ##.##.#
#...###.{@<.# #..<#.#
#..## #####.# ###...#.#
#..# #.###.......# #..#
#...........# #..#
#.###.....>.####
#..########.?.............
#............####.........
#...........## ###..#####
###########.# #..#


There were no monsters in sight!

Vanquished Creatures
  An adder (D:2)
  A dart slug (D:1)
  2 endoplasms (D:1)
  4 goblins
  3 hobgoblins (D:1)
  5 quokkas
  4 ball pythons (D:1)
  4 frilled lizards
  3 kobolds (D:1)
  19 rats
46 creatures vanquished.

Notes
Turn   | Place    | Note
-------+----------+-------------------------------------------
     0 | D:1      | qw the Gargoyle Hunter began the quest for the Orb.
     0 | D:1      | Reached XP level 1. HP: 12/12 MP: 1/1
     0 | D:1      | 0 ||| qw: Version: 0.3-a-76-g4403597
     0 | D:1      | 0 ||| qw: Game counter: 1106
     0 | D:1      | 0 ||| qw: Melee chars always use a shield: true
     0 | D:1      | 0 ||| qw: God list: Okawaru
     0 | D:1      | 0 ||| qw: Allow faded altars: false
     0 | D:1      | 0 ||| qw: Do Orc after clearing Dungeon:15 true
     0 | D:1      | 0 ||| qw: Do second Lair branch before Depths: true
     0 | D:1      | 0 ||| qw: Lair rune preference: random
     0 | D:1      | 0 ||| qw: Goals: Normal
     0 | D:1      | 0 ||| PLANNING D:1-11
   106 | D:1      | Reached XP level 2. HP: 17/17 MP: 2/2
   375 | D:1      | You fall into a shaft and drop 1 floor!
   416 | D:2      | Reached XP level 3. HP: 21/21 MP: 3/3
   442 | D:2      | Reached skill level 5 in Ranged Weapons
   527 | D:2      | 527 ||| UPGRADING to +0 ring mail.
   537 | D:2      | 537 ||| DROPPING +0 leather armour.
   538 | D:2      | 538 ||| READING scroll labelled BIMEABEGHE.
   539 | D:2      | 539 ||| DROPPING scroll of butterflies.
   949 | D:2      | Noticed Sigmund
   950 | D:2      | 950 ||| FLEEEEING.
   955 | D:2      | 955 ||| FLEEEEING.
   956 | D:2      | 956 ||| FLEEEEING.
   958 | D:2      | 958 ||| STAIRDANCE
   975 | D:2      | 975 ||| STAIRDANCE
   977 | D:2      | 977 ||| STAIRDANCE
   982 | D:2      | 982 ||| Stepping randomly (disturbance).
   985 | D:2      | HP: 5/22 [something (4)]
   986 | D:2      | Slain by Sigmund

Levels and vault maps discovered:
D:1:      dpeg_arrival_rhombus, layout_basic
D:2:      layout_loops_ring, minmay_rat_hole, uniq_sigmund, uniq_jessica

Skill      XL: |  1  2  3 |
---------------+----------+-----
Ranged Weapons | 5 |  5.0
Fighting       | |  2.9
Armour         | |  0.8
Dodging        | |  1.5
Stealth        | |  1.1

Action                     || total
---------------------------++-------
   Fire: Shortbow          ||   124
    Use: Scroll            ||     1
 Armour: Leather armour    ||    23
         Ring mail         ||    10
  Dodge: Dodged            ||    24

Table legend:
 A = Non-vault XP
 B = Vault XP
 C = Vault XP percentage of total XP
 D = Non-vault monster count
 E = Vault monster count
 F = Vault count percentage of total count
                 A         B        C        D         E       F
            +---------+---------+-------+---------+---------+-------
      Total |      58 |      20 |  25.6 |      27 |      19 |  41.3
            +---------+---------+-------+---------+---------+-------
        D:1 |      40 |       0 |   0.0 |      23 |       0 |   0.0
        D:2 |      18 |      20 |  52.6 |       4 |      19 |  82.6
            +---------+---------+-------+---------+---------+-------
